 Dungeon Sprint DCSS version 0.19.4-10-g532645f (console) character file.

292 itsmu the Fighter (level 9, -3/68 HPs)
             Began as a Gargoyle Fighter on Feb 25, 2017.
             Was a High Priest of the Shining One.
             Slain by an alligator (20 damage)
             ... in the Dungeon (Sprint VI: "Thunderdome").
             The game lasted 00:06:27 (718 turns).

itsmu the Fighter (Gargoyle Fighter)                 Turns: 718, Time: 00:06:28

Health: -3/68      AC: 13    Str: 19    XL:     9   Next: 56%
Magic:  15/15      EV: 12    Int: 10    God:    the Shining One [*****.]
Gold:   165        SH:  0    Dex: 12    Spells: 0 memorised, 8 levels left

rFire  + + .     SeeInvis .     a - +0 long sword
rCold  . . .     Gourm    .     d - +0 scale mail
rNeg   + + +     Faith    .     (no shield)
rPois  ∞         Spirit   .     (no helmet)
rElec  +         Reflect  .     (no cloak)
rCorr  .         Harm     .     (no gloves)
MR     .....     NoTele   +     (no boots)
Stlth  +.........               p - amulet of Egytidgh {rF++ Regen+ Stlth+}
                                (no ring)
                                (no ring)

@: very slightly contaminated, glowing
A: negative energy resistance 1, electricity resistance, unbreathing,
petrification resistance, rot immunity, AC +5
a: Divine Shield, Cleansing Flame, Summon Divine Warrior, Renounce Religion


You were in the Dungeon.
You worshipped the Shining One.
The Shining One was extremely pleased with you.
You were not hungry.

You visited 1 branch You collected 600 gold pieces.
You spent 435 gold pieces at shops.

Inventory:

Hand Weapons
 a - a +0 long sword (weapon)
 b - a +0 triple sword
   (You bought it in a shop in the Dungeon)
Armour
 c - a +0 shield
 d - a +0 scale mail (worn)
Jewellery
 p - the amulet of Egytidgh (around neck) {rF++ Regen+ Stlth+}
   (You bought it in a shop in the Dungeon)

   [amulet of regeneration]

   It greatly protects you from fire.
   It increases your rate of regeneration.
   It makes you more stealthy.
 q - the amulet of Dithmenos's Hope {Inacc rF+ rN++ Stlth+}
   (You bought it in a shop in the Dungeon)

   [amulet of inaccuracy]

   It reduces the accuracy of all your attacks.
   It protects you from fire.
   It greatly protects you from negative energy.
   It makes you more stealthy.
 r - the ring "Nuimuo" {*Slow rF++ EV+2 Int+5}
   (You bought it in a shop in the Dungeon)

   [ring of evasion]

   It affects your evasion (+2).
   It affects your intelligence (+5).
   It greatly protects you from fire.
   It may slow you when you take damage.
Wands
 m - a wand of acid (0/15)
   (You found it in the Dungeon)
 n - a wand of iceblast (3/15)
   (You found it in the Dungeon)
Scrolls
 k - 4 scrolls of blinking
 o - 3 scrolls of fog
Potions
 h - 2 potions of haste
 i - 2 potions of magic
 l - a potion of resistance
Comestibles
 f - a bread ration
 j - a chunk of flesh


   Skills:
 * Level 13.4 Fighting
 * Level 12.4 Long Blades
 - Level 7.2 Armour
 - Level 4.7 Dodging
 - Level 3.2 Shields
 + Level 8.3 Invocations


You had 8 spell levels left.
You didn't know any spells.

Dungeon Overview and Level Annotations

Branches:
Dungeon (1/1)

Altars:
Cheibriados
Dithmenos
Fedhas
Gozag
Kikubaaqudgha
Makhleb
Okawaru
Qazlal
Ru
Sif Muna
Trog
Uskayaw
Vehumet
Xom
Yredelemnul
Zin
The Shining One
Beogh
Jiyva
Lugonu

Shops:
D *[%??*?*:[((!!!!

Annotations:
D Lernaean hydra


Innate Abilities, Weirdness & Mutations

You are resistant to torment.
Your stone body is resilient. (AC +5)
You are immune to poison.
You resist negative energy. (rN+)
You are resistant to electric shocks. (rElec)
You can survive without breathing.
You are immune to petrification.
You are immune to rotting.


Message History

You see here a giant spiked club. 50...
You float gracefully downwards.
Some of the chunks of flesh in your inventory have rotted away.
You feel yourself slow down.
Evoke which item? (* to show all) (? for menu, Esc to quit)
Zapping:
m - a wand of acid (1/15)
Press: ? - help, Shift-Dir - straight line, f - 27-headed Lernaean hydra
Aim: the 27-headed Lernaean hydra (haloed)
The bolt of acid hits the seven-headed hydra.
The seven-headed hydra is splashed with acid.
The acid corrodes the seven-headed hydra!
The seven-headed hydra is moderately wounded.
The bolt of acid hits the 27-headed Lernaean hydra.
The 27-headed Lernaean hydra is splashed with acid.
The 27-headed Lernaean hydra is lightly wounded.
This wand has 0 charges left.
An alligator comes into view.
The alligator bites you!!
You die...

######.8...).....8.######
##∩_._......###D.....___∩#
###∩........8.# #.8.....)..∩
##.............###.).........
#⌠..........###†..###.)......
#⌠.[....)...# #.<.# #........
#⌠..........###...###........
##.........t...###...........
###∩.......M8D# #.8........∩
##∩___......###......___∩#
######.8...D.....8.######
#⌠...).......⌠#
###...).....### #_)......_#
#_......._# #.........#
#∩.......∩#


You could see the 27-headed Lernaean hydra, an alligator and a seven-headed
hydra.

Vanquished Creatures
  An alligator (D)
  Prince Ribbit (D)
  A two-headed ogre (D)
  2 blink frogs (D)
  A bog body (D)
  Sigmund (D)
  6 ogres (D)
  4 bullfrogs (D)
  2 jellies (D)
  An adder (D)
  3 oozes (D)
  A goblin (D)
  A hobgoblin (D)
25 creatures vanquished.

Notes
Turn   | Place    | Note
-------+----------+-------------------------------------------
     0 | D        | itsmu the Gargoyle Fighter began the quest for the Orb.
     0 | D        | Reached XP level 1. HP: 14/14 MP: 1/1
     5 | D        | Found a deep blue altar of Sif Muna.
     5 | D        | Found a shimmering altar of Xom.
     5 | D        | Round 1.
     6 | D        | Found a snail-covered altar of Cheibriados.
     6 | D        | Found a sacrificial altar of Ru.
     7 | D        | Found an ancient bone altar of Kikubaaqudgha.
     7 | D        | Found a basalt altar of Yredelemnul.
     8 | D        | Found Necixkini's Identification Station.
     8 | D        | Found a burning altar of Makhleb.
     8 | D        | Found Neoseosm's Bee Food.
     9 | D        | Found Dox Soet's Advanced Armour.
     9 | D        | Found Tafriqal's Jewellery.
    10 | D        | Noticed an ogre
    16 | D        | Found Wuzod's Premium Goods.
    17 | D        | Found a bloodstained altar of Trog.
    17 | D        | Found a glowing silver altar of Zin.
    17 | D        | Found Hikisim's Weapon Rack.
    17 | D        | Found Olokh's Miscellaneous Merchandise.
    17 | D        | Found Idghourch's Basic Armour.
    21 | D        | Found a viscous altar of Jiyva.
    22 | D        | Found a stormy altar of Qazlal.
    23 | D        | Found a shadowy altar of Dithmenos.
    24 | D        | Found Qawami's Do-It-Yourself Clinic.
    25 | D        | Found Werhag Rien's Bottled Wisdom.
    25 | D        | Found Libynoge's Distillery.
    26 | D        | Found a blossoming altar of Fedhas.
    26 | D        | Found a roughly hewn altar of Beogh.
    26 | D        | Found a glowing golden altar of the Shining One.
    26 | D        | Found Foset's Distillery.
    30 | D        | Found an opulent altar of Gozag.
    34 | D        | Became a worshipper of the Shining One
    37 | D        | Killed an ogre
    37 | D        | Reached skill level 5 in Fighting
    37 | D        | Reached skill level 5 in Long Blades
    37 | D        | Reached skill level 5 in Armour
    37 | D        | Reached XP level 2. HP: 21/21 MP: 2/2
    37 | D        | Reached XP level 3. HP: 26/26 MP: 3/3
    37 | D        | Reached XP level 4. HP: 31/31 MP: 4/4
    80 | D        | Found an iron altar of Okawaru.
   118 | D        | Noticed Sigmund
   137 | D        | Killed Sigmund
   137 | D        | Reached skill level 6 in Fighting
   137 | D        | Reached XP level 5. HP: 24/37 MP: 5/5
   137 | D        | Reached XP level 6. HP: 27/42 MP: 6/6
   152 | D        | Arena points: 12 (+12) [x2]
   153 | D        | Found a corrupted altar of Lugonu.
   188 | D        | Round 2.
   190 | D        | Found a radiant altar of Vehumet.
   194 | D        | Found Kokhlenum's Magic Scroll Shop.
   196 | D        | Found a hide-covered altar of Uskayaw.
   196 | D        | Found Badal's Staff Store.
   196 | D        | Found Diajiem's Magic Scroll Shop.
   196 | D        | Found Poveramy's Must-Have Magic.
   197 | D        | Reached * piety under the Shining One
   199 | D        | Reached skill level 7 in Fighting
   233 | D        | Arena points: 48 (+36) [x3]
   271 | D        | Round 3.
   282 | D        | Reached skill level 8 in Fighting
   296 | D        | Noticed a two-headed ogre
   303 | D        | Killed a two-headed ogre
   303 | D        | Reached skill level 9 in Fighting
   303 | D        | Reached XP level 7. HP: 42/51 MP: 7/9
   314 | D        | Reached ** piety under the Shining One
   320 | D        | Reached skill level 10 in Fighting
   322 | D        | Reached skill level 10 in Long Blades
   322 | D        | Reached skill level 5 in Invocations
   322 | D        | Reached XP level 8. HP: 51/58 MP: 8/11
   339 | D        | Arena points: 132 (+84) [x4]
   362 | D        | Bought a +0 triple sword for 300 gold pieces
   385 | D        | Bought a heavily runed garnet amulet for 45 gold pieces
   385 | D        | Identified the amulet of Dithmenos's Hope {Inacc rF+ rN++ Stlth+} (You bought it in a shop in the Dungeon)
   388 | D        | Bought a flickering lead amulet for 45 gold pieces
   388 | D        | Identified the amulet of Egytidgh {rF++ Regen+ Stlth+} (You bought it in a shop in the Dungeon)
   412 | D        | Round 4.
   429 | D        | Noticed a blink frog
   449 | D        | Reached skill level 11 in Fighting
   458 | D        | Killed a blink frog
   478 | D        | Reached *** piety under the Shining One
   493 | D        | Noticed a blink frog
   501 | D        | Noticed Prince Ribbit
   513 | D        | Killed a blink frog
   513 | D        | Reached skill level 12 in Fighting
   513 | D        | Killed Prince Ribbit
   513 | D        | Arena points: 292 (+160) [x5]
   513 | D        | Reached XP level 9. HP: 24/66 MP: 12/14
   552 | D        | Bought a pitted glass ring for 45 gold pieces
   552 | D        | Identified the ring "Nuimuo" {*Slow rF++ EV+2 Int+5} (You bought it in a shop in the Dungeon)
   581 | D        | Round 5.
   596 | D        | Noticed the 27-headed Lernaean hydra
   649 | D        | Noticed an alligator
   649 | D        | Reached **** piety under the Shining One
   666 | D        | Killed an alligator
   666 | D        | Reached skill level 13 in Fighting
   683 | D        | Noticed a seven-headed hydra
   692 | D        | Reached ***** piety under the Shining One
   714 | D        | Noticed an alligator
   718 | D        | Slain by an alligator

Skill      XL: |  1  2  3  4  5  6  7  8  9 |
---------------+----------------------------+-----
Fighting       | 5 6 9 10 12 13 | 13.4
Long Blades    | 5 7 9 10 11 12 | 12.4
Armour         | 5 6 7 |  7.2
Dodging        | 2 4 |  4.7
Invocations    | 3 5 7 8 |  8.3
Shields        | |  3.2

Action                   |  1- 3 |  4- 6 |  7- 9 || total
-------------------------+-------+-------+-------++-------
Melee: Long sword        |     2 |    45 |    28 ||    75
       Triple sword      |       |       |    21 ||    21
Evoke: Wand              |       |       |     7 ||     7
  Use: Potion            |     1 |     3 |     6 ||    10
Armor: Scale mail        |     4 |    15 |    32 ||    51
Dodge: Dodged            |     2 |    19 |    35 ||    56
       Rpst.: Long sword |     1 |     5 |     6 ||    12
       Triple sword      |       |       |     2 ||     2
